[ AOE2 MATCH · #479217237 ]
Team RMMaya vs Gurjaras
[ REPLAY ANALYSIS · EXTRACTED FROM THE RECORDED GAME ]
Feudal
13:13
Castle
16:50
Imperial
46:11
| APM avg | 44.5 |
| APM peak | 107 |
| eAPM avg | 25.1 |
| Villagers / military | 168 / 195 |
Focus
⚔️ 34.3% · 🌾 65.7%
Plumed Archer ×193 · Battering Ram ×2
Feudal
—
Castle
—
Imperial
—
| APM avg | 43.0 |
| APM peak | 87 |
| eAPM avg | 24.0 |
| Villagers / military | 185 / 220 |
Focus
⚔️ 43.1% · 🌾 56.9%
Archer ×131 · Berserk ×65 · Skirmisher ×21 · Fishing Ship ×14 · Spearman ×3
Feudal
11:42
Castle
40:30
Imperial
49:20
| APM avg | 19.2 |
| APM peak | 40 |
| eAPM avg | 11.4 |
| Villagers / military | 82 / 84 |
Focus
⚔️ 34.5% · 🌾 65.5%
Elephant Archer ×57 · Scout Cavalry ×18 · Armored Elephant ×5 · Monk ×4
Feudal
12:23
Castle
23:43
Imperial
39:22
| APM avg | 46.8 |
| APM peak | 115 |
| eAPM avg | 23.7 |
| Villagers / military | 207 / 198 |
Focus
⚔️ 28.6% · 🌾 71.4%
Knight ×164 · Arambai ×14 · Militia ×9 · Trebuchet (Packed) ×4 · Mangonel ×3 · Spearman ×3
Feudal
13:27
Castle
17:47
Imperial
32:01
| APM avg | 39.3 |
| APM peak | 70 |
| eAPM avg | 23.1 |
| Villagers / military | 145 / 374 |
Focus
⚔️ 38.8% · 🌾 61.2%
Spearman ×250 · Scout Cavalry ×74 · Mangonel ×25 · Knight ×13 · Fishing Ship ×8 · Konnik ×6
Feudal
12:10
Castle
23:28
Imperial
37:21
| APM avg | 47.2 |
| APM peak | 80 |
| eAPM avg | 20.1 |
| Villagers / military | 155 / 190 |
Focus
⚔️ 44.3% · 🌾 55.7%
Archer ×167 · Spearman ×10 · Bombard Cannon ×7 · Shotel Warrior ×4 · Trebuchet (Packed) ×2
Feudal
12:46
Castle
32:05
Imperial
—
| APM avg | 40.4 |
| APM peak | 104 |
| eAPM avg | 22.2 |
| Villagers / military | 134 / 14 |
Focus
⚔️ 24.1% · 🌾 75.9%
Scout Cavalry ×7 · Knight ×3 · Mangonel ×3 · Battering Ram ×1
Feudal
14:19
Castle
17:49
Imperial
33:31
| APM avg | 76.6 |
| APM peak | 134 |
| eAPM avg | 49.2 |
| Villagers / military | 168 / 343 |
Focus
⚔️ 32.0% · 🌾 68.0%
Skirmisher ×168 · Camel Scout ×115 · Battering Ram ×43 · Scorpion ×8 · Fishing Ship ×6 · Monk ×4
Match map
Initial resources + every placement click. Lines = walls · curves = elevation contours. ◆ gold · ⬟ stone · ● berries · ✦ relic · ◌ wall gap
Your base· Open — unwalled flank
OmegaJ256's base· Open — 6t gap
Hand Cannon's base· Open — unwalled flank
Sergio's base· Open — unwalled flank
kerwin's base· Open — unwalled flank
JT1212's base· Open — 5t gap
tokey354's base· Open — unwalled flank
冬瀑's base· Open — unwalled flank
Smoothed initial terrain · ◌ = detected wall gap · hover for details
Inputs per minute
— 雨浩 - - OmegaJ256
Build order — 雨浩
First 150 of 524 actions detected
| 0:15 | Build | Town Center |
| 2:33 | Build | House |
| 2:48 | Create | Villager (Male) |
| 2:49 | Create | Villager (Male) |
| 2:49 | Create | Villager (Male) |
| 3:09 | Build | House |
| 4:21 | Create | Villager (Male) |
| 4:35 | Create | Villager (Male) |
| 4:50 | Build | House |
| 4:56 | Build | House |
| 5:01 | Create | Villager (Male) |
| 5:02 | Create | Villager (Male) |
| 5:25 | Create | Villager (Male) |
| 5:25 | Create | Villager (Male) |
| 5:36 | Create | Villager (Male) |
| 5:57 | Build | Lumber Camp |
| 5:57 | Create | Villager (Male) |
| 6:09 | Create | Villager (Male) |
| 6:15 | Build | House |
| 6:39 | Create | Villager (Male) |
| 6:40 | Create | Villager (Male) |
| 7:08 | Create | Villager (Male) |
| 7:15 | Create | Villager (Male) |
| 7:23 | Build | House |
| 7:29 | Create | Villager (Male) |
| 8:20 | Build | Mill |
| 8:24 | Create | Villager (Male) |
| 8:35 | Build | House |
| 8:42 | Create | Villager (Male) |
| 8:53 | Create | Villager (Male) |
| 8:58 | Create | Villager (Male) |
| 9:01 | Research | Loom |
| 9:01 | Research | Loom |
| 10:43 | Build | Mining Camp |
| 10:52 | Build | House |
| 11:03 | Research | Feudal Age |
| 11:03 | Research | Feudal Age |
| 11:08 | Build | House |
| 11:34 | Create | Villager (Male) |
| 11:34 | Create | Villager (Male) |
| 11:49 | Build | Palisade Wall |
| 11:51 | Build | Palisade Wall |
| 11:53 | Build | Palisade Wall |
| 11:55 | Build | Palisade Wall |
| 11:58 | Build | Palisade Wall |
| 12:00 | Build | Palisade Wall |
| 12:02 | Build | Palisade Wall |
| 12:14 | Build | Palisade Wall |
| 12:16 | Build | Palisade Wall |
| 12:18 | Build | Palisade Wall |
| 12:20 | Build | Palisade Wall |
| 12:22 | Build | Palisade Wall |
| 12:23 | Build | Palisade Wall |
| 12:25 | Build | Palisade Wall |
| 13:13 | Age | Feudal Age |
| 13:20 | Build | Market |
| 13:27 | Build | Blacksmith |
| 14:10 | Research | Castle Age |
| 14:10 | Research | Castle Age |
| 14:19 | Research | Double-Bit Axe |
| 14:19 | Research | Double-Bit Axe |
| 14:50 | Build | Palisade Wall |
| 15:04 | Build | Watch Tower |
| 15:16 | Research | Fletching |
| 15:17 | Research | Fletching |
| 15:18 | Create | Villager (Male) |
| 16:50 | Age | Castle Age |
| 17:00 | Build | Castle |
| 17:03 | Create | Villager (Male) |
| 17:05 | Create | Villager (Male) |
| 17:20 | Build | House |
| 17:55 | Create | Villager (Male) |
| 18:36 | Create | Plumed Archer |
| 18:36 | Create | Plumed Archer |
| 18:36 | Create | Plumed Archer |
| 18:37 | Create | Plumed Archer |
| 19:27 | Create | Plumed Archer |
| 19:28 | Create | Plumed Archer |
| 19:28 | Create | Plumed Archer |
| 20:30 | Create | Plumed Archer |
| 20:30 | Create | Plumed Archer |
| 20:34 | Create | Villager (Male) |
| 20:35 | Create | Villager (Male) |
| 20:37 | Build | Farm |
| 20:37 | Build | Farm |
| 20:57 | Create | Plumed Archer |
| 20:57 | Create | Plumed Archer |
| 21:04 | Build | Farm |
| 21:13 | Create | Plumed Archer |
| 21:13 | Create | Plumed Archer |
| 21:25 | Build | Farm |
| 21:44 | Create | Villager (Male) |
| 22:02 | Create | Villager (Male) |
| 22:10 | Create | Plumed Archer |
| 22:10 | Create | Plumed Archer |
| 22:22 | Create | Villager (Male) |
| 22:40 | Create | Villager (Male) |
| 23:09 | Create | Villager (Male) |
| 23:31 | Create | Plumed Archer |
| 23:31 | Create | Plumed Archer |
| 24:30 | Build | Castle |
| 24:32 | Create | Villager (Male) |
| 24:38 | Build | Siege Workshop |
| 24:45 | Create | Plumed Archer |
| 24:45 | Create | Plumed Archer |
| 24:45 | Create | Plumed Archer |
| 24:56 | Build | Farm |
| 24:56 | Build | Farm |
| 25:12 | Build | Lumber Camp |
| 25:22 | Create | Villager (Male) |
| 25:22 | Create | Villager (Male) |
| 25:25 | Build | Palisade Gate |
| 25:27 | Build | House |
| 25:35 | Build | Palisade Wall |
| 25:39 | Build | House |
| 25:42 | Build | Palisade Wall |
| 25:44 | Build | Palisade Wall |
| 25:47 | Build | Palisade Wall |
| 26:00 | Build | Mining Camp |
| 26:14 | Create | Villager (Male) |
| 26:14 | Create | Villager (Male) |
| 26:22 | Build | Town Center |
| 26:35 | Create | Villager (Male) |
| 26:35 | Create | Villager (Male) |
| 26:41 | Create | Villager (Male) |
| 26:41 | Create | Villager (Male) |
| 27:04 | Create | Villager (Male) |
| 27:13 | Create | Battering Ram |
| 27:13 | Create | Battering Ram |
| 27:31 | Build | Farm |
| 27:31 | Build | Farm |
| 27:35 | Create | Villager (Male) |
| 27:57 | Create | Villager (Male) |
| 27:57 | Create | Villager (Male) |
| 28:01 | Build | Farm |
| 28:01 | Build | Farm |
| 28:02 | Build | Farm |
| 28:04 | Build | Farm |
| 28:16 | Create | Villager (Male) |
| 28:30 | Create | Villager (Male) |
| 29:06 | Research | Bodkin Arrow |
| 29:06 | Research | Bodkin Arrow |
| 29:14 | Create | Plumed Archer |
| 29:15 | Create | Plumed Archer |
| 29:15 | Create | Plumed Archer |
| 29:15 | Create | Plumed Archer |
| 29:15 | Create | Villager (Male) |
| 29:28 | Create | Villager (Male) |
| 29:40 | Create | Villager (Male) |
| 29:59 | Create | Villager (Male) |
Build order — OmegaJ256
First 150 of 659 actions detected
| 0:33 | Build | Town Center |
| 0:46 | Build | Lumber Camp |
| 1:45 | Build | House |
| 2:57 | Create | Villager (Male) |
| 2:57 | Create | Villager (Male) |
| 2:58 | Create | Villager (Male) |
| 2:58 | Create | Villager (Male) |
| 2:58 | Create | Villager (Male) |
| 3:53 | Create | Villager (Male) |
| 4:33 | Create | Villager (Male) |
| 4:34 | Create | Villager (Male) |
| 4:59 | Create | Villager (Male) |
| 4:59 | Create | Villager (Male) |
| 5:05 | Build | House |
| 5:22 | Create | Villager (Male) |
| 5:22 | Create | Villager (Male) |
| 5:35 | Build | Dock |
| 6:01 | Build | House |
| 6:17 | Create | Villager (Male) |
| 6:17 | Create | Villager (Male) |
| 6:26 | Create | Fishing Ship |
| 6:35 | Build | Palisade Wall |
| 6:38 | Create | Villager (Male) |
| 6:56 | Build | Palisade Wall |
| 6:59 | Create | Villager (Male) |
| 7:12 | Create | Fishing Ship |
| 7:12 | Create | Fishing Ship |
| 7:21 | Build | Palisade Wall |
| 7:32 | Create | Villager (Male) |
| 7:33 | Create | Villager (Male) |
| 7:42 | Build | Palisade Wall |
| 7:44 | Build | Palisade Wall |
| 7:45 | Create | Fishing Ship |
| 7:57 | Create | Villager (Male) |
| 8:02 | Build | House |
| 8:13 | Create | Villager (Male) |
| 8:20 | Create | Fishing Ship |
| 8:37 | Build | House |
| 8:42 | Create | Villager (Male) |
| 8:57 | Create | Fishing Ship |
| 9:03 | Create | Villager (Male) |
| 9:17 | Build | Palisade Wall |
| 9:25 | Create | Fishing Ship |
| 9:35 | Create | Villager (Male) |
| 9:44 | Create | Villager (Male) |
| 9:55 | Create | Fishing Ship |
| 10:02 | Build | House |
| 10:02 | Create | Villager (Male) |
| 10:23 | Create | Fishing Ship |
| 10:29 | Create | Villager (Male) |
| 10:39 | Build | Palisade Wall |
| 11:12 | Create | Villager (Male) |
| 11:16 | Build | Mining Camp |
| 11:29 | Build | Palisade Wall |
| 11:50 | Research | Feudal Age |
| 12:25 | Build | Barracks |
| 12:35 | Create | Villager (Male) |
| 12:36 | Research | Loom |
| 13:33 | Build | Palisade Wall |
| 13:39 | Build | Palisade Wall |
| 14:02 | Build | Archery Range |
| 14:05 | Build | Blacksmith |
| 14:32 | Build | Lumber Camp |
| 14:47 | Build | House |
| 15:04 | Research | Castle Age |
| 15:29 | Create | Archer |
| 15:53 | Build | Fish Trap |
| 15:58 | Build | Fish Trap |
| 16:01 | Create | Archer |
| 16:06 | Build | Fish Trap |
| 16:23 | Build | Fish Trap |
| 16:29 | Create | Villager (Male) |
| 16:39 | Build | Fish Trap |
| 16:42 | Create | Archer |
| 16:50 | Create | Archer |
| 17:11 | Build | Fish Trap |
| 17:17 | Research | Double-Bit Axe |
| 17:23 | Create | Archer |
| 17:23 | Create | Archer |
| 17:24 | Create | Archer |
| 17:29 | Create | Archer |
| 17:38 | Research | Fletching |
| 17:38 | Research | Fletching |
| 17:39 | Create | Archer |
| 17:54 | Build | Fish Trap |
| 17:54 | Create | Villager (Male) |
| 17:55 | Create | Archer |
| 18:05 | Create | Archer |
| 18:16 | Build | Fish Trap |
| 18:21 | Create | Villager (Male) |
| 18:40 | Create | Fishing Ship |
| 18:43 | Build | House |
| 18:49 | Create | Archer |
| 19:08 | Create | Villager (Male) |
| 19:09 | Create | Archer |
| 19:18 | Build | House |
| 19:19 | Build | House |
| 19:22 | Build | House |
| 19:23 | Build | Palisade Wall |
| 19:23 | Create | Villager (Male) |
| 19:26 | Build | House |
| 19:26 | Create | Villager (Male) |
| 19:28 | Build | House |
| 19:28 | Create | Villager (Male) |
| 19:31 | Build | House |
| 19:48 | Create | Villager (Male) |
| 20:06 | Create | Spearman |
| 20:10 | Create | Villager (Male) |
| 20:12 | Create | Villager (Male) |
| 20:20 | Build | Fish Trap |
| 20:21 | Create | Fishing Ship |
| 20:32 | Research | Crossbowman (upgrade) |
| 20:32 | Research | Crossbowman (upgrade) |
| 20:34 | Create | Archer |
| 21:04 | Build | Town Center |
| 21:06 | Create | Spearman |
| 21:10 | Create | Archer |
| 21:16 | Create | Villager (Male) |
| 21:23 | Build | Fish Trap |
| 21:47 | Create | Archer |
| 21:51 | Create | Villager (Male) |
| 21:55 | Create | Villager (Male) |
| 21:56 | Create | Villager (Male) |
| 21:57 | Create | Villager (Male) |
| 21:57 | Create | Villager (Male) |
| 22:01 | Create | Archer |
| 22:04 | Create | Villager (Male) |
| 22:08 | Create | Villager (Male) |
| 22:22 | Create | Archer |
| 22:35 | Create | Archer |
| 22:40 | Create | Villager (Male) |
| 22:43 | Build | Town Center |
| 22:44 | Create | Villager (Male) |
| 22:44 | Create | Archer |
| 22:46 | Create | Villager (Male) |
| 22:52 | Create | Villager (Male) |
| 23:01 | Create | Villager (Male) |
| 23:04 | Create | Villager (Male) |
| 23:06 | Build | Town Center |
| 23:08 | Create | Archer |
| 23:12 | Create | Archer |
| 23:18 | Research | Bodkin Arrow |
| 23:19 | Create | Villager (Male) |
| 23:20 | Create | Archer |
| 23:20 | Create | Archer |
| 23:22 | Create | Villager (Male) |
| 23:23 | Create | Archer |
| 23:24 | Create | Villager (Male) |
| 23:26 | Create | Villager (Male) |
| 23:27 | Create | Archer |
Build order — Hand Cannon
First 150 of 278 actions detected
| 0:49 | Build | Town Center |
| 2:11 | Build | House |
| 2:27 | Create | Villager (Male) ×4 |
| 2:55 | Build | Lumber Camp |
| 3:30 | Create | Villager (Male) |
| 4:04 | Create | Villager (Male) |
| 4:34 | Build | House |
| 4:40 | Create | Villager (Male) |
| 4:49 | Create | Villager (Male) |
| 5:10 | Build | Mill |
| 5:13 | Create | Villager (Male) |
| 5:49 | Create | Villager (Male) |
| 6:21 | Create | Villager (Male) |
| 6:29 | Create | Villager (Male) |
| 6:35 | Build | House |
| 6:38 | Create | Villager (Male) |
| 7:12 | Create | Villager (Male) |
| 7:44 | Build | House |
| 7:53 | Create | Villager (Male) |
| 7:53 | Create | Villager (Male) |
| 7:54 | Create | Villager (Male) |
| 8:25 | Create | Villager (Male) |
| 9:20 | Research | Feudal Age |
| 9:51 | Build | Barracks |
| 9:59 | Build | House |
| 11:28 | Build | House |
| 11:38 | Research | Loom |
| 11:39 | Create | Villager (Male) |
| 11:39 | Create | Villager (Male) |
| 11:42 | Age | Feudal Age |
| 11:44 | Build | Stable |
| 11:54 | Research | Double-Bit Axe |
| 12:22 | Create | Scout Cavalry |
| 12:22 | Create | Scout Cavalry |
| 12:22 | Create | Scout Cavalry |
| 12:44 | Create | Scout Cavalry |
| 12:47 | Build | Blacksmith |
| 12:53 | Create | Villager (Male) |
| 12:54 | Create | Villager (Male) |
| 12:54 | Create | Villager (Male) |
| 13:24 | Research | Forging |
| 13:29 | Build | House |
| 13:52 | Build | Mill |
| 13:58 | Create | Scout Cavalry |
| 14:35 | Create | Villager (Male) |
| 14:36 | Create | Villager (Male) |
| 14:49 | Create | Scout Cavalry |
| 14:49 | Create | Scout Cavalry |
| 15:20 | Build | Watch Tower |
| 15:25 | Research | Fletching |
| 15:30 | Research | Wheelbarrow |
| 16:24 | Build | Watch Tower |
| 16:30 | Create | Scout Cavalry |
| 16:31 | Create | Scout Cavalry |
| 16:31 | Create | Scout Cavalry |
| 16:32 | Create | Scout Cavalry |
| 16:51 | Create | Villager (Male) |
| 16:52 | Create | Villager (Male) |
| 16:52 | Create | Villager (Male) |
| 16:55 | Build | House |
| 17:22 | Build | Mill |
| 18:02 | Build | Mill |
| 18:26 | Build | House |
| 18:34 | Research | Town Watch |
| 18:40 | Research | Scale Barding Armor |
| 19:24 | Create | Villager (Male) |
| 19:24 | Create | Villager (Male) |
| 19:25 | Create | Villager (Male) |
| 19:38 | Build | Farm |
| 19:39 | Build | Farm |
| 19:41 | Build | Farm |
| 19:43 | Build | Farm |
| 19:49 | Build | Lumber Camp |
| 19:53 | Create | Villager (Male) |
| 20:32 | Build | Mill |
| 20:47 | Create | Scout Cavalry |
| 20:47 | Create | Scout Cavalry |
| 20:47 | Create | Scout Cavalry |
| 20:48 | Create | Scout Cavalry |
| 20:53 | Build | House |
| 20:57 | Build | Watch Tower |
| 21:00 | Create | Villager (Male) |
| 21:21 | Create | Villager (Male) |
| 21:21 | Create | Villager (Male) |
| 21:45 | Build | Watch Tower |
| 21:50 | Create | Villager (Male) |
| 21:51 | Create | Villager (Male) |
| 22:17 | Build | Palisade Gate |
| 22:28 | Build | Gate |
| 22:40 | Create | Villager (Male) |
| 22:55 | Create | Scout Cavalry |
| 22:56 | Create | Scout Cavalry |
| 23:22 | Create | Villager (Male) |
| 23:41 | Create | Scout Cavalry |
| 27:32 | Build | Town Center |
| 28:13 | Create | Villager (Male) ×5 |
| 28:14 | Create | Villager (Male) ×3 |
| 28:47 | Build | Stone Wall |
| 28:55 | Build | Stone Wall |
| 29:00 | Create | Villager (Male) |
| 29:06 | Build | Stone Wall |
| 29:53 | Build | Gate |
| 30:03 | Build | Gate |
| 30:47 | Build | Mill |
| 31:24 | Build | Stone Wall |
| 31:58 | Create | Villager (Male) |
| 31:58 | Create | Villager (Male) |
| 31:58 | Create | Villager (Male) |
| 32:02 | Build | Farm |
| 32:04 | Build | Farm |
| 32:04 | Build | Farm |
| 32:05 | Build | Farm |
| 32:05 | Build | Farm |
| 32:05 | Build | Farm |
| 32:06 | Build | Farm |
| 32:06 | Build | Farm |
| 32:06 | Build | Farm |
| 32:08 | Create | Villager (Male) |
| 32:21 | Build | Mill |
| 32:31 | Build | Outpost |
| 32:35 | Create | Villager (Male) |
| 32:35 | Create | Villager (Male) |
| 32:36 | Create | Villager (Male) |
| 33:32 | Build | Stone Wall |
| 33:46 | Build | Mill |
| 33:48 | Build | Farm |
| 33:48 | Build | Farm |
| 33:52 | Build | Farm |
| 33:53 | Build | Farm |
| 33:56 | Create | Villager (Male) |
| 33:57 | Create | Villager (Male) |
| 34:48 | Build | Lumber Camp |
| 34:53 | Build | Mining Camp |
| 34:56 | Create | Villager (Male) |
| 35:44 | Build | House |
| 35:47 | Create | Villager (Male) |
| 35:48 | Research | Gold Mining |
| 36:01 | Create | Villager (Male) |
| 36:53 | Build | Farm |
| 37:15 | Create | Villager (Male) |
| 37:15 | Create | Villager (Male) |
| 37:16 | Create | Villager (Male) |
| 37:17 | Create | Villager (Male) |
| 37:50 | Research | Castle Age |
| 37:56 | Build | Mining Camp |
| 39:33 | Create | Villager (Male) |
| 39:33 | Create | Villager (Male) |
| 39:33 | Create | Villager (Male) |
| 39:51 | Build | Archery Range |
| 39:52 | Build | Archery Range |
Build order — Sergio
First 150 of 485 actions detected
| 0:39 | Build | Town Center |
| 1:23 | Build | House |
| 2:57 | Create | Villager (Male) ×4 |
| 2:57 | Create | Villager (Male) ×4 |
| 2:57 | Create | Villager (Male) ×4 |
| 4:26 | Create | Villager (Male) |
| 4:26 | Create | Villager (Male) |
| 5:04 | Create | Villager (Male) ×2 |
| 5:04 | Create | Villager (Male) ×2 |
| 5:21 | Build | Lumber Camp |
| 5:37 | Build | House |
| 5:42 | Build | House |
| 5:59 | Research | Loom |
| 5:59 | Create | Villager (Male) ×3 |
| 5:59 | Create | Villager (Male) ×3 |
| 6:28 | Create | Villager (Male) |
| 6:29 | Create | Villager (Male) |
| 6:32 | Build | House |
| 6:57 | Create | Villager (Male) |
| 7:58 | Create | Villager (Male) ×4 |
| 7:58 | Create | Villager (Male) ×4 |
| 8:04 | Build | Mill |
| 9:07 | Build | House |
| 10:13 | Research | Feudal Age |
| 10:13 | Research | Feudal Age |
| 10:58 | Build | Outpost |
| 11:07 | Build | Barracks |
| 11:34 | Build | House |
| 11:53 | Create | Militia |
| 11:53 | Create | Militia |
| 11:53 | Create | Militia |
| 12:23 | Age | Feudal Age |
| 12:28 | Research | Man-at-Arms (upgrade) |
| 12:29 | Create | Militia |
| 12:30 | Create | Villager (Male) |
| 12:30 | Create | Villager (Male) |
| 12:31 | Create | Villager (Male) |
| 13:13 | Create | Villager (Male) |
| 13:13 | Create | Villager (Male) |
| 13:31 | Build | Watch Tower |
| 13:49 | Create | Villager (Male) |
| 13:49 | Create | Villager (Male) |
| 13:58 | Create | Militia |
| 13:59 | Create | Militia |
| 13:59 | Create | Militia |
| 14:40 | Create | Villager (Male) |
| 14:40 | Create | Villager (Male) |
| 14:40 | Create | Villager (Male) |
| 14:47 | Build | House |
| 14:55 | Build | House |
| 15:02 | Create | Spearman |
| 15:11 | Build | Mill |
| 15:23 | Build | House |
| 15:37 | Research | Arson |
| 15:39 | Create | Villager (Male) |
| 15:39 | Create | Villager (Male) |
| 15:44 | Build | Blacksmith |
| 15:58 | Build | House |
| 15:59 | Build | House |
| 16:12 | Create | Villager (Male) |
| 16:16 | Create | Militia |
| 16:16 | Create | Militia |
| 16:35 | Create | Villager (Male) |
| 16:48 | Research | Forging |
| 17:09 | Build | Mining Camp |
| 17:13 | Create | Villager (Male) |
| 17:13 | Create | Villager (Male) |
| 17:46 | Create | Spearman |
| 17:47 | Create | Spearman |
| 17:54 | Create | Villager (Male) |
| 17:54 | Create | Villager (Male) |
| 17:54 | Create | Villager (Male) |
| 18:30 | Build | Farm |
| 18:32 | Build | Farm |
| 18:34 | Build | Farm |
| 18:56 | Create | Villager (Male) |
| 19:00 | Build | Market |
| 19:15 | Build | House |
| 19:23 | Build | Farm |
| 19:25 | Build | Farm |
| 19:26 | Build | Farm |
| 19:28 | Create | Villager (Male) |
| 20:09 | Create | Villager (Male) |
| 20:09 | Create | Villager (Male) |
| 20:13 | Build | Farm |
| 20:34 | Build | Farm |
| 21:03 | Research | Castle Age |
| 22:03 | Create | Villager (Male) |
| 22:37 | Build | Stable |
| 23:43 | Age | Castle Age |
| 23:44 | Build | Castle |
| 23:51 | Create | Villager (Male) |
| 23:59 | Build | Town Center |
| 24:13 | Build | Farm |
| 24:15 | Create | Villager (Male) |
| 24:47 | Create | Arambai |
| 24:47 | Create | Arambai |
| 24:47 | Create | Arambai |
| 24:47 | Create | Arambai |
| 24:48 | Create | Arambai |
| 24:48 | Create | Arambai |
| 24:52 | Create | Villager (Male) |
| 24:52 | Create | Villager (Male) |
| 24:52 | Create | Villager (Male) |
| 24:52 | Create | Villager (Male) |
| 25:00 | Create | Villager (Male) |
| 25:00 | Create | Villager (Male) |
| 25:11 | Build | Town Center |
| 25:14 | Create | Villager (Male) |
| 25:14 | Create | Villager (Male) |
| 26:15 | Build | Siege Workshop |
| 26:18 | Create | Villager (Male) |
| 26:18 | Create | Villager (Male) |
| 26:18 | Create | Villager (Male) |
| 26:48 | Create | Villager (Male) |
| 26:49 | Create | Villager (Male) |
| 26:49 | Create | Arambai |
| 26:50 | Create | Arambai |
| 26:50 | Create | Arambai |
| 26:50 | Create | Arambai |
| 27:06 | Create | Villager (Male) |
| 27:06 | Create | Villager (Male) |
| 27:06 | Create | Villager (Male) |
| 27:10 | Build | House |
| 27:11 | Build | House |
| 27:11 | Build | House |
| 27:12 | Build | House |
| 27:24 | Create | Mangonel |
| 27:44 | Create | Villager (Male) |
| 27:45 | Create | Villager (Male) |
| 27:45 | Create | Villager (Male) |
| 27:45 | Create | Villager (Male) |
| 27:48 | Build | Farm |
| 27:48 | Build | Farm |
| 27:48 | Build | Farm |
| 27:48 | Build | Farm |
| 27:48 | Build | Farm |
| 28:07 | Create | Villager (Male) |
| 28:08 | Create | Villager (Male) |
| 28:08 | Create | Villager (Male) |
| 28:13 | Build | Farm |
| 28:20 | Build | Monastery |
| 28:45 | Create | Villager (Male) |
| 28:45 | Create | Villager (Male) |
| 28:45 | Create | Villager (Male) |
| 28:55 | Create | Mangonel |
| 28:57 | Create | Arambai |
| 28:57 | Create | Arambai |
| 28:57 | Create | Arambai |
| 28:57 | Create | Arambai |
Build order — kerwin
First 150 of 565 actions detected
| 0:09 | Build | Town Center |
| 2:16 | Build | House |
| 2:24 | Create | Villager (Male) |
| 2:24 | Create | Villager (Male) |
| 2:24 | Create | Villager (Male) |
| 2:25 | Create | Villager (Male) |
| 2:25 | Create | Villager (Male) |
| 3:25 | Create | Villager (Male) |
| 3:25 | Create | Villager (Male) |
| 3:46 | Create | Villager (Male) |
| 3:46 | Create | Villager (Male) |
| 3:49 | Build | House |
| 4:56 | Create | Villager (Male) |
| 4:56 | Create | Villager (Male) |
| 5:05 | Build | Lumber Camp |
| 5:17 | Build | Lumber Camp |
| 5:22 | Create | Villager (Male) |
| 5:22 | Create | Villager (Male) |
| 5:23 | Create | Villager (Male) |
| 5:31 | Create | Villager (Male) |
| 5:31 | Create | Villager (Male) |
| 6:00 | Build | House |
| 6:09 | Build | House |
| 6:21 | Create | Villager (Male) |
| 6:40 | Create | Villager (Male) |
| 6:40 | Create | Villager (Male) |
| 7:30 | Create | Villager (Male) |
| 7:30 | Create | Villager (Male) |
| 7:41 | Build | House |
| 7:44 | Build | House |
| 7:57 | Research | Loom |
| 8:06 | Build | Dock |
| 8:30 | Create | Villager (Male) |
| 8:31 | Create | Villager (Male) |
| 8:31 | Create | Villager (Male) |
| 8:41 | Build | House |
| 8:54 | Create | Fishing Ship |
| 9:24 | Create | Villager (Male) |
| 9:31 | Create | Villager (Male) |
| 9:37 | Create | Fishing Ship |
| 9:37 | Create | Fishing Ship |
| 9:42 | Create | Villager (Male) |
| 9:48 | Build | House |
| 9:53 | Build | House |
| 9:58 | Create | Villager (Male) |
| 9:58 | Create | Villager (Male) |
| 10:16 | Create | Fishing Ship |
| 10:22 | Create | Villager (Male) |
| 10:38 | Build | House |
| 10:52 | Build | Palisade Wall |
| 10:53 | Build | Palisade Wall |
| 11:17 | Research | Feudal Age |
| 11:17 | Research | Feudal Age |
| 11:17 | Research | Feudal Age |
| 11:30 | Create | Fishing Ship |
| 11:36 | Build | Palisade Gate |
| 12:21 | Create | Fishing Ship |
| 12:53 | Build | Mill |
| 13:07 | Create | Villager (Male) |
| 13:07 | Create | Villager (Male) |
| 13:27 | Age | Feudal Age |
| 13:36 | Build | Blacksmith |
| 13:45 | Create | Villager (Male) |
| 14:08 | Build | Market |
| 14:12 | Build | Palisade Wall |
| 14:38 | Create | Villager (Male) |
| 14:57 | Research | Castle Age |
| 14:57 | Research | Castle Age |
| 15:14 | Build | House |
| 15:16 | Build | House |
| 15:23 | Build | Palisade Wall |
| 15:45 | Research | Double-Bit Axe |
| 15:45 | Research | Double-Bit Axe |
| 15:47 | Research | Tech 906 |
| 15:48 | Research | Tech 906 |
| 16:15 | Create | Fishing Ship |
| 16:16 | Create | Fishing Ship |
| 16:44 | Create | Villager (Male) |
| 16:44 | Create | Villager (Male) |
| 16:51 | Research | Wheelbarrow |
| 17:47 | Age | Castle Age |
| 17:49 | Build | Town Center |
| 17:53 | Build | Town Center |
| 17:56 | Research | Bow Saw |
| 17:56 | Research | Bow Saw |
| 18:27 | Research | Town Watch |
| 18:36 | Research | Horse Collar |
| 18:44 | Research | Gillnets |
| 18:49 | Create | Villager (Male) |
| 19:01 | Build | Farm |
| 19:01 | Build | Farm |
| 19:05 | Create | Villager (Male) |
| 19:12 | Create | Villager (Male) |
| 19:16 | Create | Villager (Male) |
| 19:17 | Create | Villager (Male) |
| 19:21 | Build | Farm |
| 19:22 | Build | Farm |
| 19:30 | Build | House |
| 19:31 | Build | House |
| 19:34 | Create | Villager (Male) |
| 19:34 | Create | Villager (Male) |
| 19:47 | Create | Villager (Male) |
| 19:48 | Create | Villager (Male) |
| 19:56 | Build | Barracks |
| 20:14 | Create | Villager (Male) |
| 20:14 | Create | Villager (Male) |
| 20:24 | Build | Farm |
| 20:27 | Build | Farm |
| 20:31 | Create | Villager (Male) |
| 20:32 | Create | Villager (Male) |
| 20:32 | Create | Villager (Male) |
| 20:37 | Build | House |
| 20:38 | Build | House |
| 20:48 | Create | Spearman |
| 20:58 | Create | Villager (Male) |
| 20:58 | Create | Villager (Male) |
| 21:04 | Build | Farm |
| 21:05 | Build | Farm |
| 21:07 | Build | Farm |
| 21:11 | Build | Farm |
| 21:13 | Create | Villager (Male) |
| 21:13 | Create | Villager (Male) |
| 21:13 | Create | Villager (Male) |
| 21:20 | Build | House |
| 21:21 | Build | House |
| 21:26 | Create | Spearman |
| 21:26 | Create | Spearman |
| 21:40 | Build | Outpost |
| 21:41 | Build | Outpost |
| 21:55 | Create | Villager (Male) |
| 21:55 | Create | Villager (Male) |
| 21:56 | Create | Villager (Male) |
| 21:59 | Create | Spearman |
| 22:20 | Build | Palisade Wall |
| 22:21 | Build | Palisade Wall |
| 22:27 | Create | Villager (Male) |
| 22:27 | Create | Villager (Male) |
| 22:28 | Create | Spearman |
| 22:31 | Build | Farm |
| 22:32 | Build | Farm |
| 22:34 | Build | Farm |
| 22:36 | Build | Farm |
| 22:41 | Build | House |
| 22:41 | Build | House |
| 22:41 | Build | House |
| 22:42 | Build | House |
| 22:42 | Build | House |
| 22:42 | Build | House |
| 22:42 | Build | House |
| 22:53 | Create | Villager (Male) |
Build order — JT1212
First 150 of 542 actions detected
| 0:41 | Build | Town Center |
| 2:38 | Build | House |
| 2:49 | Create | Villager (Male) |
| 2:49 | Create | Villager (Male) |
| 2:49 | Create | Villager (Male) |
| 3:23 | Create | Villager (Male) |
| 4:04 | Create | Villager (Male) |
| 4:26 | Create | Villager (Male) |
| 4:26 | Create | Villager (Male) |
| 4:32 | Build | House |
| 4:52 | Create | Villager (Male) |
| 5:12 | Create | Villager (Male) |
| 5:27 | Create | Villager (Male) |
| 6:03 | Create | Villager (Male) |
| 6:20 | Create | Villager (Male) |
| 6:27 | Build | Lumber Camp |
| 6:42 | Build | House |
| 7:20 | Build | House |
| 7:25 | Create | Villager (Male) |
| 7:35 | Create | Villager (Male) |
| 7:52 | Create | Villager (Male) |
| 8:36 | Create | Villager (Male) |
| 8:51 | Build | Mining Camp |
| 9:05 | Create | Villager (Male) |
| 9:33 | Research | Loom |
| 10:00 | Research | Feudal Age |
| 10:53 | Build | Barracks |
| 11:16 | Build | Palisade Wall |
| 11:18 | Build | House |
| 11:43 | Build | Palisade Wall |
| 12:10 | Age | Feudal Age |
| 12:11 | Create | Villager (Male) |
| 12:14 | Build | Archery Range |
| 12:18 | Research | Double-Bit Axe |
| 12:26 | Create | Villager (Male) |
| 12:34 | Create | Spearman |
| 12:52 | Create | Villager (Male) |
| 13:04 | Create | Archer |
| 13:11 | Build | House |
| 13:15 | Build | House |
| 13:23 | Create | Villager (Male) |
| 13:37 | Build | Blacksmith |
| 13:40 | Create | Villager (Male) |
| 13:51 | Create | Archer |
| 13:59 | Create | Spearman |
| 14:07 | Build | Palisade Wall |
| 14:11 | Build | Palisade Wall |
| 14:19 | Create | Villager (Male) |
| 14:24 | Create | Villager (Male) |
| 14:32 | Build | House |
| 14:47 | Create | Archer |
| 14:55 | Create | Villager (Male) |
| 15:05 | Research | Fletching |
| 15:17 | Create | Archer |
| 15:17 | Create | Villager (Male) |
| 15:22 | Create | Spearman |
| 15:26 | Create | Villager (Male) |
| 15:28 | Create | Villager (Male) |
| 15:36 | Build | Palisade Wall |
| 15:38 | Build | Palisade Wall |
| 15:39 | Build | Palisade Wall |
| 15:43 | Build | Palisade Gate |
| 15:44 | Build | Palisade Wall |
| 15:55 | Create | Archer |
| 15:57 | Create | Archer |
| 16:03 | Create | Villager (Male) |
| 16:07 | Build | Mill |
| 16:23 | Build | House |
| 16:27 | Build | Palisade Wall |
| 16:56 | Build | House |
| 16:57 | Build | House |
| 17:08 | Create | Villager (Male) |
| 17:13 | Build | Farm |
| 17:17 | Build | Market |
| 17:23 | Create | Archer |
| 17:32 | Create | Spearman |
| 17:36 | Create | Villager (Male) |
| 17:51 | Create | Villager (Male) |
| 17:55 | Build | House |
| 17:59 | Build | Palisade Wall |
| 18:05 | Create | Archer |
| 18:05 | Create | Archer |
| 18:21 | Build | Farm |
| 18:29 | Build | Farm |
| 18:31 | Create | Villager (Male) |
| 18:44 | Build | Farm |
| 18:51 | Create | Archer |
| 18:59 | Create | Villager (Male) |
| 19:03 | Build | House |
| 19:06 | Build | Farm |
| 19:23 | Create | Villager (Male) |
| 19:52 | Create | Villager (Male) |
| 20:12 | Build | Farm |
| 20:48 | Research | Castle Age |
| 21:01 | Build | House |
| 21:09 | Create | Archer |
| 21:09 | Create | Archer |
| 21:15 | Build | Mill |
| 21:16 | Create | Spearman |
| 21:56 | Build | Archery Range |
| 22:10 | Create | Archer |
| 22:11 | Create | Archer |
| 22:33 | Create | Archer |
| 22:33 | Create | Archer |
| 23:07 | Create | Archer |
| 23:08 | Create | Archer |
| 23:28 | Age | Castle Age |
| 23:35 | Research | Crossbowman (upgrade) |
| 23:36 | Create | Villager (Male) |
| 23:39 | Research | Bodkin Arrow |
| 23:49 | Create | Villager (Male) |
| 23:53 | Build | Town Center |
| 23:58 | Build | Town Center |
| 24:02 | Research | Bow Saw |
| 24:18 | Create | Villager (Male) |
| 24:27 | Create | Villager (Male) |
| 24:34 | Create | Archer |
| 24:34 | Create | Archer |
| 24:41 | Create | Villager (Male) |
| 24:56 | Create | Villager (Male) |
| 24:59 | Build | Palisade Wall |
| 25:09 | Create | Villager (Male) |
| 25:26 | Create | Villager (Male) |
| 25:27 | Create | Villager (Male) |
| 25:32 | Build | Farm |
| 25:32 | Build | Farm |
| 25:37 | Build | Mining Camp |
| 25:38 | Create | Villager (Male) |
| 25:51 | Create | Villager (Male) |
| 25:58 | Create | Villager (Male) |
| 26:02 | Create | Archer |
| 26:02 | Create | Archer |
| 26:02 | Create | Archer |
| 26:09 | Build | Farm |
| 26:12 | Create | Villager (Male) |
| 26:27 | Create | Villager (Male) |
| 26:35 | Create | Villager (Male) |
| 26:43 | Create | Archer |
| 26:44 | Create | Archer |
| 26:44 | Create | Archer |
| 26:46 | Create | Villager (Male) |
| 26:53 | Create | Villager (Male) |
| 27:00 | Build | Farm |
| 27:01 | Build | Farm |
| 27:15 | Create | Villager (Male) |
| 27:15 | Create | Villager (Male) |
| 27:16 | Create | Villager (Male) |
| 27:24 | Build | House |
| 27:24 | Build | House |
| 27:25 | Build | House |
Build order — tokey354
First 150 of 359 actions detected
| 0:46 | Build | Town Center |
| 2:39 | Build | House |
| 2:56 | Create | Villager (Male) |
| 2:56 | Create | Villager (Male) |
| 2:57 | Create | Villager (Male) |
| 3:04 | Create | Villager (Male) |
| 3:04 | Create | Villager (Male) |
| 4:05 | Create | Villager (Male) |
| 4:11 | Build | House |
| 4:38 | Create | Villager (Male) |
| 5:07 | Build | Lumber Camp |
| 5:15 | Create | Villager (Male) |
| 5:16 | Create | Villager (Male) |
| 5:23 | Build | House |
| 5:44 | Create | Villager (Male) |
| 6:04 | Create | Villager (Male) |
| 6:56 | Create | Villager (Male) |
| 7:05 | Create | Villager (Male) |
| 7:39 | Build | House |
| 7:42 | Create | Villager (Male) |
| 8:02 | Build | House |
| 8:17 | Create | Villager (Male) |
| 8:29 | Build | House |
| 8:36 | Build | Palisade Wall |
| 8:38 | Create | Villager (Male) |
| 8:40 | Create | Villager (Male) |
| 8:43 | Create | Villager (Male) |
| 8:46 | Build | Mill |
| 9:02 | Research | Loom |
| 9:22 | Build | House |
| 9:32 | Create | Villager (Male) |
| 9:55 | Create | Villager (Male) |
| 10:14 | Build | House |
| 10:36 | Research | Feudal Age |
| 10:47 | Build | Palisade Gate |
| 10:57 | Build | House |
| 11:16 | Build | Mining Camp |
| 11:36 | Build | Barracks |
| 11:45 | Build | House |
| 11:57 | Create | Villager (Male) |
| 12:17 | Build | House |
| 12:23 | Create | Villager (Male) |
| 12:31 | Build | House |
| 12:46 | Age | Feudal Age |
| 12:48 | Build | Stable |
| 12:51 | Create | Villager (Male) |
| 13:00 | Create | Villager (Male) |
| 13:10 | Build | House |
| 13:13 | Build | House |
| 13:14 | Create | Villager (Male) |
| 13:25 | Build | House |
| 13:32 | Build | Palisade Wall |
| 13:33 | Create | Scout Cavalry |
| 13:33 | Create | Scout Cavalry |
| 13:36 | Create | Villager (Male) |
| 13:46 | Build | House |
| 13:54 | Build | Watch Tower |
| 13:57 | Create | Villager (Male) |
| 14:02 | Create | Villager (Male) |
| 14:26 | Build | House |
| 14:42 | Create | Villager (Male) |
| 14:43 | Create | Scout Cavalry |
| 15:11 | Create | Scout Cavalry |
| 15:29 | Create | Scout Cavalry |
| 15:40 | Create | Villager (Male) |
| 15:54 | Create | Scout Cavalry |
| 16:00 | Build | Mill |
| 16:24 | Build | House |
| 16:36 | Create | Scout Cavalry |
| 16:45 | Build | Mining Camp |
| 17:01 | Create | Villager (Male) |
| 17:06 | Build | House |
| 17:08 | Build | House |
| 17:19 | Create | Villager (Male) |
| 17:24 | Build | Blacksmith |
| 17:38 | Create | Villager (Male) |
| 18:11 | Research | Double-Bit Axe |
| 18:11 | Research | Double-Bit Axe |
| 18:19 | Build | Watch Tower |
| 18:26 | Build | House |
| 18:35 | Create | Villager (Male) |
| 18:36 | Build | Farm |
| 18:36 | Build | Farm |
| 18:36 | Build | Farm |
| 18:37 | Build | Farm |
| 18:37 | Build | Farm |
| 18:37 | Build | Farm |
| 18:51 | Build | House |
| 18:53 | Build | House |
| 18:55 | Build | House |
| 19:01 | Build | House |
| 19:11 | Build | Farm |
| 19:37 | Build | House |
| 19:38 | Build | House |
| 19:49 | Create | Villager (Male) |
| 20:08 | Build | Mill |
| 20:08 | Build | Farm |
| 20:09 | Build | Farm |
| 20:09 | Build | Farm |
| 20:09 | Build | Farm |
| 20:09 | Build | Farm |
| 20:10 | Build | Farm |
| 20:23 | Create | Villager (Male) |
| 20:53 | Build | House |
| 20:55 | Create | Villager (Male) |
| 20:58 | Build | Farm |
| 20:59 | Build | Farm |
| 21:01 | Build | Farm |
| 21:07 | Build | Watch Tower |
| 21:15 | Create | Villager (Male) |
| 21:21 | Research | Horse Collar |
| 21:25 | Build | Farm |
| 21:37 | Build | House |
| 21:57 | Build | Farm |
| 21:58 | Build | Farm |
| 22:03 | Create | Villager (Male) |
| 22:05 | Build | Blacksmith |
| 22:17 | Build | Farm |
| 22:27 | Build | Mining Camp |
| 22:28 | Create | Villager (Male) |
| 22:37 | Create | Villager (Male) |
| 22:37 | Create | Villager (Male) |
| 22:48 | Create | Villager (Male) |
| 23:03 | Build | House |
| 23:21 | Create | Villager (Male) |
| 23:40 | Build | Market |
| 24:25 | Build | House |
| 24:46 | Build | Mill |
| 24:53 | Build | Stone Wall |
| 24:58 | Create | Villager (Male) |
| 25:06 | Build | Mill |
| 25:18 | Build | House |
| 25:20 | Create | Villager (Male) |
| 25:25 | Create | Villager (Male) |
| 25:34 | Build | Gate |
| 25:38 | Build | House |
| 25:40 | Build | House |
| 26:03 | Create | Villager (Male) |
| 26:18 | Build | Gate |
| 26:30 | Build | Gate |
| 26:32 | Build | House |
| 26:50 | Build | Town Center |
| 27:05 | Build | Watch Tower |
| 27:11 | Build | House |
| 27:47 | Build | House |
| 28:11 | Build | House |
| 28:17 | Build | Town Center |
| 28:26 | Research | Fletching |
| 28:30 | Build | Market |
| 28:44 | Build | Stone Wall |
Build order — 冬瀑
First 150 of 809 actions detected
| 0:45 | Build | Town Center |
| 2:34 | Create | Villager (Male) |
| 2:34 | Create | Villager (Male) |
| 2:34 | Create | Villager (Male) |
| 2:34 | Create | Villager (Male) |
| 2:34 | Create | Villager (Male) |
| 2:40 | Build | House |
| 2:41 | Build | House |
| 3:31 | Create | Villager (Male) |
| 3:31 | Create | Villager (Male) |
| 4:15 | Build | Lumber Camp |
| 4:15 | Create | Villager (Male) |
| 4:43 | Create | Villager (Male) |
| 5:02 | Create | Villager (Male) |
| 5:02 | Create | Villager (Male) |
| 5:37 | Create | Villager (Male) |
| 5:50 | Create | Villager (Male) |
| 5:50 | Create | Villager (Male) |
| 6:24 | Create | Villager (Male) |
| 6:24 | Create | Villager (Male) |
| 6:24 | Create | Villager (Male) |
| 6:39 | Build | House |
| 6:52 | Create | Villager (Male) |
| 6:57 | Build | House |
| 7:25 | Create | Villager (Male) |
| 7:26 | Create | Villager (Male) |
| 7:26 | Create | Villager (Male) |
| 7:26 | Create | Villager (Male) |
| 7:26 | Create | Villager (Male) |
| 7:55 | Create | Villager (Male) |
| 8:14 | Build | Dock |
| 8:18 | Build | Palisade Wall |
| 8:40 | Create | Villager (Male) |
| 8:57 | Create | Fishing Ship |
| 8:58 | Create | Fishing Ship |
| 9:12 | Build | Mill |
| 9:18 | Create | Villager (Male) |
| 9:38 | Create | Villager (Male) |
| 9:47 | Build | House |
| 9:48 | Build | House |
| 10:02 | Create | Fishing Ship |
| 10:06 | Create | Villager (Male) |
| 10:23 | Build | House |
| 10:28 | Create | Villager (Male) |
| 10:37 | Build | Mining Camp |
| 10:51 | Create | Villager (Male) |
| 11:12 | Create | Fishing Ship |
| 11:43 | Research | Loom |
| 11:43 | Research | Feudal Age |
| 12:12 | Build | House |
| 12:27 | Build | House |
| 12:35 | Build | Barracks |
| 12:53 | Create | Villager (Male) |
| 12:53 | Create | Villager (Male) |
| 14:19 | Age | Feudal Age |
| 14:20 | Build | Stable |
| 14:35 | Build | Blacksmith |
| 14:56 | Research | Double-Bit Axe |
| 14:56 | Research | Double-Bit Axe |
| 15:08 | Research | Castle Age |
| 15:08 | Research | Castle Age |
| 15:19 | Build | Palisade Wall |
| 15:37 | Build | Palisade Gate |
| 15:39 | Build | Palisade Wall |
| 15:48 | Research | Scale Barding Armor |
| 15:48 | Research | Scale Barding Armor |
| 15:48 | Research | Scale Barding Armor |
| 16:05 | Build | Palisade Wall |
| 16:25 | Create | Villager (Male) |
| 16:36 | Build | House |
| 16:37 | Build | House |
| 17:06 | Build | Palisade Wall |
| 17:39 | Create | Villager (Male) |
| 17:49 | Age | Castle Age |
| 17:50 | Build | Town Center |
| 17:52 | Create | Villager (Male) |
| 17:55 | Create | Camel Scout |
| 17:57 | Build | Monastery |
| 17:58 | Build | Palisade Wall |
| 18:03 | Research | Horse Collar |
| 18:03 | Research | Horse Collar |
| 18:16 | Build | Fish Trap |
| 18:32 | Build | Fish Trap |
| 18:38 | Create | Camel Scout |
| 18:39 | Create | Villager (Male) |
| 18:41 | Build | House |
| 18:42 | Create | Villager (Male) |
| 18:45 | Create | Monk |
| 18:52 | Create | Villager (Male) |
| 19:02 | Research | Chain Barding Armor |
| 19:02 | Research | Chain Barding Armor |
| 19:03 | Create | Camel Scout |
| 19:05 | Create | Villager (Male) |
| 19:07 | Build | Fish Trap |
| 19:31 | Create | Villager (Male) |
| 19:37 | Build | Lumber Camp |
| 19:39 | Create | Villager (Male) |
| 19:47 | Create | Camel Scout |
| 19:48 | Create | Camel Scout |
| 19:49 | Create | Villager (Male) |
| 20:00 | Build | House |
| 20:12 | Research | Horse Collar |
| 20:14 | Build | Farm |
| 20:14 | Build | Farm |
| 20:15 | Build | Farm |
| 20:16 | Build | Farm |
| 20:17 | Build | Farm |
| 20:42 | Build | Farm |
| 20:43 | Build | Farm |
| 20:45 | Build | Farm |
| 20:46 | Build | Farm |
| 20:46 | Build | Farm |
| 20:54 | Build | Farm |
| 20:59 | Build | Farm |
| 21:00 | Create | Villager (Male) |
| 21:00 | Create | Villager (Male) |
| 21:03 | Create | Monk |
| 21:10 | Build | Fish Trap |
| 21:24 | Build | Farm |
| 21:25 | Create | Villager (Male) |
| 21:31 | Build | Farm |
| 21:41 | Build | House |
| 21:44 | Build | Palisade Wall |
| 21:45 | Create | Villager (Male) |
| 22:10 | Create | Villager (Male) |
| 22:12 | Create | Camel Scout |
| 22:14 | Build | Farm |
| 22:16 | Build | Farm |
| 22:17 | Build | Farm |
| 22:20 | Create | Villager (Male) |
| 22:24 | Build | Farm |
| 22:25 | Build | Farm |
| 22:33 | Create | Camel Scout |
| 22:35 | Build | Farm |
| 22:38 | Create | Villager (Male) |
| 22:45 | Create | Villager (Male) |
| 23:02 | Create | Villager (Male) |
| 23:07 | Build | Town Center |
| 23:14 | Create | Villager (Male) |
| 23:22 | Create | Villager (Male) |
| 23:24 | Create | Monk |
| 23:31 | Create | Fishing Ship |
| 23:34 | Research | Tech 906 |
| 23:34 | Research | Tech 906 |
| 23:37 | Create | Villager (Male) |
| 23:47 | Build | Farm |
| 23:48 | Build | Farm |
| 23:49 | Build | Farm |
| 23:52 | Create | Villager (Male) |
| 23:59 | Build | Lumber Camp |
Match timeline
| 5:35 | OmegaJ256 · first_building Dock |
| 6:35 | OmegaJ256 · wall_segment Palisade Wall x1 |
| 6:56 | OmegaJ256 · wall_segment Palisade Wall x1 |
| 7:21 | OmegaJ256 · wall_segment Palisade Wall x1 |
| 7:42 | OmegaJ256 · wall_segment Palisade Wall x1 |
| 7:44 | OmegaJ256 · wall_segment Palisade Wall x1 |
| 8:06 | kerwin · first_building Dock |
| 8:14 | 冬瀑 · first_building Dock |
| 8:18 | 冬瀑 · wall_segment Palisade Wall x1 |
| 8:36 | tokey354 · wall_segment Palisade Wall x17 |
| 9:17 | OmegaJ256 · wall_segment Palisade Wall x1 |
| 9:51 | Hand Cannon · first_building Barracks |
| 10:39 | OmegaJ256 · wall_segment Palisade Wall x1 |
| 10:52 | kerwin · wall_segment Palisade Wall x3 |
| 10:53 | JT1212 · first_building Barracks |
| 10:53 | kerwin · wall_segment Palisade Wall x1 |
| 11:07 | Sergio · first_building Barracks |
| 11:16 | JT1212 · wall_segment Palisade Wall x3 |
| 11:29 | OmegaJ256 · wall_segment Palisade Wall x5 |
| 11:36 | tokey354 · first_building Barracks |
| 11:42 | Hand Cannon · age_up feudal |
| 11:43 | JT1212 · wall_segment Palisade Wall x10 |
| 11:44 | Hand Cannon · first_building Stable |
| 11:49 | 雨浩 · wall_segment Palisade Wall x1 |
| 11:51 | 雨浩 · wall_segment Palisade Wall x1 |
| 11:53 | 雨浩 · wall_segment Palisade Wall x1 |
| 11:55 | 雨浩 · wall_segment Palisade Wall x1 |
| 11:58 | 雨浩 · wall_segment Palisade Wall x1 |
| 12:00 | 雨浩 · wall_segment Palisade Wall x1 |
| 12:02 | 雨浩 · wall_segment Palisade Wall x1 |
| 12:10 | JT1212 · age_up feudal |
| 12:14 | JT1212 · first_building Archery Range |
| 12:14 | 雨浩 · wall_segment Palisade Wall x1 |
| 12:16 | 雨浩 · wall_segment Palisade Wall x1 |
| 12:18 | 雨浩 · wall_segment Palisade Wall x1 |
| 12:20 | 雨浩 · wall_segment Palisade Wall x1 |
| 12:22 | 雨浩 · wall_segment Palisade Wall x1 |
| 12:23 | Sergio · age_up feudal |
| 12:23 | 雨浩 · wall_segment Palisade Wall x1 |
| 12:25 | OmegaJ256 · first_building Barracks |
| 12:25 | 雨浩 · wall_segment Palisade Wall x1 |
| 12:35 | 冬瀑 · first_building Barracks |
| 12:46 | tokey354 · age_up feudal |
| 12:48 | tokey354 · first_building Stable |
| 13:13 | 雨浩 · age_up feudal |
| 13:27 | kerwin · age_up feudal |
| 13:32 | tokey354 · wall_segment Palisade Wall x1 |
| 13:33 | OmegaJ256 · wall_segment Palisade Wall x1 |
| 13:39 | OmegaJ256 · wall_segment Palisade Wall x1 |
| 14:02 | OmegaJ256 · first_building Archery Range |
| 14:07 | JT1212 · wall_segment Palisade Wall x1 |
| 14:11 | JT1212 · wall_segment Palisade Wall x1 |
| 14:12 | kerwin · wall_segment Palisade Wall x1 |
| 14:19 | 冬瀑 · age_up feudal |
| 14:20 | 冬瀑 · first_building Stable |
| 14:50 | 雨浩 · wall_segment Palisade Wall x1 |
| 15:19 | 冬瀑 · wall_segment Palisade Wall x14 |
| 15:23 | kerwin · wall_segment Palisade Wall x7 |
| 15:36 | JT1212 · wall_segment Palisade Wall x5 |
| 15:38 | JT1212 · wall_segment Palisade Wall x1 |
| 15:39 | 冬瀑 · wall_segment Palisade Wall x1 |
| 15:39 | JT1212 · wall_segment Palisade Wall x1 |
| 15:44 | JT1212 · wall_segment Palisade Wall x1 |
| 16:05 | 冬瀑 · wall_segment Palisade Wall x12 |
| 16:27 | JT1212 · wall_segment Palisade Wall x7 |
| 16:50 | 雨浩 · age_up castle |
| 16:57 | 雨浩 · first_market_sell 100 food |
| 16:58 | 雨浩 · first_market_buy 100 stone |
| 17:00 | 雨浩 · first_building Castle |
| 17:06 | 冬瀑 · wall_segment Palisade Wall x6 |
| 17:47 | kerwin · age_up castle |
| 17:49 | 冬瀑 · age_up castle |
| 17:57 | 冬瀑 · first_building Monastery |
| 17:58 | 冬瀑 · wall_segment Palisade Wall x1 |
| 17:59 | JT1212 · wall_segment Palisade Wall x7 |
| 19:15 | JT1212 · first_market_buy 100 food |
| 19:23 | OmegaJ256 · wall_segment Palisade Wall x1 |
| 19:56 | kerwin · first_building Barracks |
| 20:21 | JT1212 · first_market_sell 100 wood |
| 21:02 | Sergio · first_market_buy 100 food |
| 21:44 | 冬瀑 · wall_segment Palisade Wall x14 |
| 22:20 | kerwin · wall_segment Palisade Wall x1 |
| 22:21 | kerwin · wall_segment Palisade Wall x2 |
| 22:37 | Sergio · first_building Stable |
| 23:28 | JT1212 · age_up castle |
| 23:43 | Sergio · age_up castle |
| 23:44 | Sergio · first_building Castle |
| 24:38 | 雨浩 · first_building Siege Workshop |
| 24:43 | OmegaJ256 · wall_segment Palisade Wall x1 |
| 24:49 | 冬瀑 · first_building Siege Workshop |
| 24:53 | tokey354 · wall_segment Stone Wall x1 |
| 24:57 | Sergio · first_market_sell 100 food |
| 24:59 | JT1212 · wall_segment Palisade Wall x1 |
| 25:05 | kerwin · wall_segment Stone Wall x1 |
| 25:30 | OmegaJ256 · wall_segment Palisade Wall x1 |
| 25:35 | 雨浩 · wall_segment Palisade Wall x1 |
| 25:42 | 雨浩 · wall_segment Palisade Wall x1 |
| 25:44 | 雨浩 · wall_segment Palisade Wall x1 |
| 25:47 | 雨浩 · wall_segment Palisade Wall x1 |
| 25:54 | 冬瀑 · first_building Archery Range |
| 26:15 | Sergio · first_building Siege Workshop |
| 27:23 | kerwin · first_building Krepost |
| 27:44 | kerwin · wall_segment Stone Wall x4 |
| 27:46 | kerwin · wall_segment Stone Wall x3 |
| 27:46 | kerwin · wall_segment Stone Wall x6 |
| 28:08 | kerwin · first_building Siege Workshop |
| 28:20 | Sergio · first_building Monastery |
| 28:22 | kerwin · first_building Monastery |
| 28:44 | tokey354 · wall_segment Stone Wall x1 |
| 28:47 | Hand Cannon · wall_segment Stone Wall x10 |
| 28:54 | tokey354 · wall_segment Stone Wall x1 |
| 28:55 | Hand Cannon · wall_segment Stone Wall x21 |
| 28:58 | tokey354 · wall_segment Stone Wall x1 |
| 29:04 | kerwin · first_building Stable |
| 29:06 | Hand Cannon · wall_segment Stone Wall x11 |
| 29:24 | tokey354 · first_market_buy 100 food |
| 30:20 | 冬瀑 · first_market_sell 100 food |
| 30:43 | 冬瀑 · first_market_buy 100 stone |
| 30:48 | OmegaJ256 · first_building Monastery |
| 31:24 | Hand Cannon · wall_segment Stone Wall x6 |
| 31:26 | kerwin · first_building Castle |
| 31:30 | tokey354 · wall_segment Stone Wall x1 |
| 31:37 | tokey354 · wall_segment Stone Wall x1 |
| 31:40 | tokey354 · wall_segment Stone Wall x1 |
| 32:01 | kerwin · age_up imperial |
| 32:05 | tokey354 · age_up castle |
| 32:09 | 冬瀑 · first_building Castle |
| 32:13 | tokey354 · first_building Siege Workshop |
| 33:20 | JT1212 · first_building Siege Workshop |
| 33:31 | 冬瀑 · age_up imperial |
| 33:32 | Hand Cannon · wall_segment Stone Wall x14 |
| 33:49 | kerwin · first_market_sell 100 food |
| 34:22 | OmegaJ256 · first_building Castle |
| 36:35 | JT1212 · first_building Castle |
| 37:21 | JT1212 · age_up imperial |
| 38:03 | OmegaJ256 · first_market_sell 100 food |
| 38:48 | OmegaJ256 · first_building Siege Workshop |
| 39:22 | Sergio · age_up imperial |
| 39:51 | Hand Cannon · first_building Archery Range |
| 40:00 | OmegaJ256 · first_market_buy 100 food |
| 40:29 | tokey354 · wall_segment Stone Wall x1 |
| 40:30 | Hand Cannon · age_up castle |
| 41:08 | tokey354 · first_building Castle |
| 41:40 | kerwin · wall_segment Stone Wall x1 |
| 41:42 | kerwin · wall_segment Stone Wall x1 |
| 41:45 | kerwin · wall_segment Stone Wall x1 |
| 41:47 | kerwin · wall_segment Stone Wall x1 |
| 41:50 | kerwin · wall_segment Stone Wall x1 |
| 41:52 | kerwin · wall_segment Stone Wall x1 |
| 41:53 | kerwin · wall_segment Stone Wall x1 |
| 44:32 | Hand Cannon · first_building Siege Workshop |
| 46:11 | 雨浩 · age_up imperial |
| 46:53 | Hand Cannon · first_building Monastery |
| 47:05 | JT1212 · tribute_sent a jugador 1 |
| 47:05 | JT1212 · tribute_sent a jugador 2 |
| 47:05 | JT1212 · tribute_sent a jugador 3 |
| 47:05 | JT1212 · tribute_sent a jugador 4 |
| 47:05 | JT1212 · tribute_sent a jugador 5 |
| 47:05 | JT1212 · tribute_sent a jugador 7 |
| 47:05 | JT1212 · tribute_sent a jugador 8 |
| 47:35 | 雨浩 · first_building Barracks |
| 48:16 | 雨浩 · first_building Archery Range |
| 48:39 | Hand Cannon · wall_segment Stone Wall x1 |
| 48:41 | Hand Cannon · wall_segment Stone Wall x1 |
| 49:20 | Hand Cannon · age_up imperial |
| 49:55 | OmegaJ256 · resign |
| 52:26 | JT1212 · tribute_sent a jugador 1 |
| 52:26 | JT1212 · tribute_sent a jugador 2 |
| 52:26 | JT1212 · tribute_sent a jugador 3 |
| 52:26 | JT1212 · tribute_sent a jugador 4 |
| 52:26 | JT1212 · tribute_sent a jugador 5 |
| 52:26 | JT1212 · tribute_sent a jugador 7 |
| 52:26 | JT1212 · tribute_sent a jugador 8 |
| 53:07 | 冬瀑 · tribute_sent a jugador 1 |
| 53:07 | 冬瀑 · tribute_sent a jugador 2 |
| 53:07 | 冬瀑 · tribute_sent a jugador 3 |
| 53:07 | 冬瀑 · tribute_sent a jugador 4 |
| 53:07 | 冬瀑 · tribute_sent a jugador 5 |
| 53:07 | 冬瀑 · tribute_sent a jugador 6 |
| 53:07 | 冬瀑 · tribute_sent a jugador 7 |
[ AI ANALYSIS · 1 CREDIT ]
What really happened in this match?
Wolo.gg analyzes every decision: build order, eco, micro, common mistakes by bracket. Personalized analysis on WhatsApp or Discord in 30 seconds.
Civ guide
Maya
Map guide
African Clearing
Perfil
雨浩